 Dungeon Crawl Stone Soup version 0.23.1 (webtiles) character file.

Game seed: 17827757429607365876

871 Borgoz the Skirmisher (level 8, -2/66 HPs)
             Began as a Ghoul Warper on Mar 7, 2019.
             Slain by a hound (3 damage)
             ... on level 5 of the Dungeon.
             The game lasted 00:07:34 (4754 turns).

Borgoz the Skirmisher (Ghoul Warper)                Turns: 4754, Time: 00:07:35

Health: -2/66      AC:  3    Str: 15    XL:     8   Next: 3%
Magic:  20/20      EV: 13    Int:  8    God:
Gold:   99         SH:  0    Dex: 14    Spells: 11/13 levels left

rFire    . . .     SeeInvis +   v - +6 rapier "Peukuc" {pierce, *Corrode rPois MP+9 Dex+4}
rCold    + . .     Gourm    .   (no shield)
rNeg     + + +     Faith    .   a - +0 leather armour
rPois    ∞         Spirit   .   (no helmet)
rElec    .         Reflect  .   (no cloak)
rCorr    .         Harm     .   (no gloves)
MR       .....                  (no boots)
Stlth    +++.......             (no amulet)
HPRegen  0.00/turn              h - ring of see invisible
MPRegen  0.17/turn              t - ring of stealth

@: rotting
A: rotting body, claws 1, carnivore, cold resistance 1, negative energy
resistance 3, inhibited regeneration, torment resistance, unbreathing
a: no special abilities


You were on level 5 of the Dungeon.
You were not hungry.

You visited 1 branch of the dungeon, and saw 7 of its levels.

You collected 99 gold pieces.

Inventory:

Hand Weapons
 v - the +6 rapier "Peukuc" (weapon) {pierce, *Corrode rPois MP+9 Dex+4}
   (You found it on level 4 of the Dungeon)

   It inflicts extra damage upon your enemies.
   It affects your dexterity (+4).
   It protects you from poison.
   It affects your magic capacity (+9).
   It may corrode you when you take damage.
 x - a +2 dagger of venom
Missiles
 w - 9 poisoned needles
Armour
 a - a +0 leather armour (worn)
Jewellery
 h - a ring of see invisible (left claw)
 t - a ring of stealth (right claw)
Scrolls
 c - a scroll of amnesia {unknown}
 e - 2 scrolls of magic mapping
 i - 5 scrolls of identify {unknown}
 l - 2 scrolls of random uselessness {unknown}
 m - a scroll of immolation
 n - 3 scrolls of remove curse
 q - a scroll of teleportation {unknown}
Potions
 b - 2 potions of lignification
 d - 2 potions of might {unknown}
 g - a potion of heal wounds {unknown}
 j - 2 potions of haste {unknown}
 k - 2 potions of berserk rage {unknown}
 o - 2 potions of magic {unknown}
 p - a potion of agility {unknown}
 s - a potion of flight {unknown}
 u - 2 potions of cancellation {unknown}
Comestibles
 f - 11 rations


   Skills:
 + Level 4.1 Fighting
 * Level 3.4 Short Blades
 - Level 0.8 Throwing
 + Level 3.2 Armour
 + Level 3.5 Dodging
 + Level 3.0 Stealth
 - Level 3.6 Unarmed Combat
 + Level 3.1 Spellcasting
 - Level 2.6 Translocations


You had 11 spell levels left.
You knew the following spells:

 Your Spells              Type           Power        Failure   Level  Hunger
a - Blink                 Tloc           N/A          21%         2    ###....

Your spell library contained the following spells:

 Spells                   Type           Power        Failure   Level  Hunger
 Shroud of Golubria       Chrm/Tloc      #.........   34%         2    ###....
 Gell's Gravitas          Tloc           #.........   36%         3    ####...
 Lesser Beckoning         Tloc           #.........   36%         3    ####...
 Teleport Other           Tloc           #.......     36%         3    ####...
 Passage of Golubria      Tloc           N/A          78%         4    #####..


Dungeon Overview and Level Annotations

Branches:
Dungeon (7/15)             Temple (0/1) D:6

Altars:
Dithmenos
Makhleb
Yredelemnul

Annotations:
D:4 1 runed translucent door, Liar's ghost, amateur DrCj
D:7 Joseph


Innate Abilities, Weirdness & Mutations

Your body is rotting away.
You thrive on raw meat.
You are immune to poison.
You have sharp fingernails.
You are carnivorous and can eat meat at any time.
Your flesh is cold resistant. (rC+)
You are immune to negative energy. (rN+++)
You do not regenerate when monsters are visible.
You are immune to unholy pain and torment.
You can survive without breathing.


Message History

You puncture the hound!
The hound is severely wounded.
The hound bites you.
* * * LOW HITPOINT WARNING * * *
You closely miss the hound.
The hound is severely wounded.
The hound closely misses you. The hound bites you.
* * * LOW HITPOINT WARNING * * *
You hit the hound but do no damage.
The hound is severely wounded.
The hound barely misses you. The hound bites you.
* * * LOW HITPOINT WARNING * * *
You puncture the hound!
You kill the hound!
Your Stealth skill increases to level 3!
You are no longer corroded.
The hound barely misses you.
It was a potion of lignification.
You feel woody for a moment. The hound bites you.
You die...

###.....# ##..##......#
......#.####.#....#...#
....###......#....#...# ...#
#................## . ...
##...###...#...#...#+++#..#
##.##....# #...#...#..........+
#..#...#.###.#...#............+
......#...##.#..##..).........#
................@hh............
##########.....###l............
##.................###
##.................#
#......######....... #.....##
#...... #....## .. #....#
#....#


You could see 2 hounds and a frilled lizard.

Vanquished Creatures
  Grinder (D:4)
  An ice beast (D:6)
  3 bullfrogs (D:6)
  A centaur zombie (D:7)
  5 hounds
  3 worker ants (D:4)
  A gnoll (D:1)
  3 adders
  A shadow imp (D:2)
  An ooze (D:2)
  5 worms (D:2)
  2 dart slugs (D:2)
  A leopard gecko (D:3)
  7 orcs
  6 bats
  7 giant cockroaches
  7 goblins
  8 hobgoblins
  A quokka (D:3)
  5 frilled lizards
  7 kobolds
  A leopard gecko zombie (D:6)
  9 rats
86 creatures vanquished.

Notes
Turn   | Place    | Note
-------+----------+-------------------------------------------
     0 | D:1      | Borgoz the Ghoul Warper began the quest for the Orb.
     0 | D:1      | Reached XP level 1. HP: 17/17 MP: 2/2
   383 | D:1      | Reached skill level 1 in Armour
   395 | D:1      | Reached XP level 2. HP: 15/25 MP: 3/3
  1006 | D:1      | Reached XP level 3. HP: 30/30 MP: 5/5
  1127 | D:1      | You fall through a shaft!
  2327 | D:2      | Found a burning altar of Makhleb.
  2381 | D:2      | Reached XP level 4. HP: 32/37 MP: 6/6
  3317 | D:3      | Learned a level 2 spell: Blink
  3436 | D:3      | Reached XP level 5. HP: 40/44 MP: 7/7
  3542 | D:3      | Found a shadowy altar of Dithmenos.
  3734 | D:4      | Reached skill level 3 in Fighting
  3734 | D:4      | Reached skill level 1 in Short Blades
  3823 | D:4      | Reached skill level 1 in Stealth
  3839 | D:4      | Reached XP level 6. HP: 29/51 MP: 8/8
  3843 | D:4      | Got a warped rapier
  3844 | D:4      | Identified the +6 rapier "Peukuc" {pierce, *Corrode rPois
                  | MP+9 Dex+4} (You found it on level 4 of the Dungeon)
  3898 | D:4      | Found a basalt altar of Yredelemnul.
  3991 | D:4      | Noticed Grinder
  4005 | D:4      | Killed Grinder
  4100 | D:4      | Reached XP level 7. HP: 56/56 MP: 9/9
  4210 | D:4      | Found a runed translucent door.
  4210 | D:4      | Noticed Liar's ghost (amateur DrCj)
  4342 | D:4      | You fall through a shaft for 3 floors!
  4343 | D:7      | Noticed Joseph
  4525 | D:6      | Reached skill level 4 in Fighting
  4544 | D:5      | Entered Level 5 of the Dungeon
  4749 | D:5      | Reached XP level 8. HP: 15/66 MP: 11/11
  4752 | D:5      | HP: 1/66 [hound (4)]
  4754 | D:5      | Slain by a hound

Skill      XL: |  1  2  3  4  5  6  7  8 |
---------------+-------------------------+-----
Armour         | 1 2 3 |  3.2
Spellcasting   | 2 3 |  3.1
Dodging        | 2 3 |  3.5
Unarmed Combat | 3 |  3.6
Fighting       | 3 4 |  4.1
Short Blades   | 1 2 3 |  3.4
Stealth        | 1 2 3 |  3.0
Throwing       | |  0.8
Translocations | |  2.6

Action                   |  1- 3 |  4- 6 |  7- 9 || total
-------------------------+-------+-------+-------++-------
Melee: Unarmed           |   131 |   136 |       ||   267
       Punch             |     1 |     2 |     1 ||     4
       Rapier            |       |    11 |    45 ||    56
Throw: Tomahawk          |     5 |       |       ||     5
  Use: Scroll            |       |       |     3 ||     3
       Potion            |       |       |     1 ||     1
 Stab: Sleeping          |       |     1 |     2 ||     3
  Eat: Chunk             |     6 |    12 |     4 ||    22
Armor: Leather armour    |    22 |    33 |    12 ||    67
Dodge: Dodged            |    70 |   109 |    49 ||   228
